 Dungeon Crawl Stone Soup version 0.29-a0-356-g7bc237e783 (webtiles) character file.

Game seed: 15289422602731405816

81 Hubjo the Firebug (level 4, -3/26 HPs)
             Began as a Deep Elf Fire Elementalist on Apr 25, 2022.
             Was a Follower of the Shining One.
             Slain by a gnoll
             ... wielding a +0 spear
              (8 damage)
             ... on level 3 of the Dungeon.
             The game lasted 00:04:04 (3479 turns).

Hubjo the Firebug (Deep Elf Fire Elementalist)      Turns: 3479, Time: 00:04:04

Health: -3/26      AC:  3    Str:  5    XL:     4   Next: 19%
Magic:  5/11       EV: 13    Int: 20    God:    the Shining One [*.....]
Gold:   135        SH:  5    Dex: 17    Spells: 9/10 levels left

rFire   . . .      SeeInvis .   i - +2 dagger (venom)
rCold   . . .      Faith    .   (no shield)
rNeg    . . .      Spirit   .   a - +0 robe
rPois   +          Reflect  +   (no helmet)
rElec   .          Harm     .   (no cloak)
rCorr   .          Rampage  .   n - +0 pair of gloves
Will    .....                   (no boots)
Stlth   +.........              l - amulet of reflection
HPRegen 0.08/turn               m - ring of poison resistance
MPRegen 0.12/turn               (no ring)

@: glowing
A: no striking features
a: Renounce Religion, Divine Shield


You were on level 3 of the Dungeon.
You worshipped the Shining One.
The Shining One was aware of your devotion.
You visited 1 branch of the dungeon, and saw 3 of its levels.

You collected 135 gold pieces.

Inventory:

Hand Weapons
 e - a +0 short sword
 h - a +0 short sword of speed
 i - a +2 dagger of venom (weapon)
Armour
 a - a +0 robe (worn)
 n - a +0 pair of gloves (worn)
Jewellery
 l - an amulet of reflection (around neck)
 m - a ring of poison resistance (left hand)
Scrolls
 c - a scroll of brand weapon
 d - a scroll of torment
 j - 3 scrolls of vulnerability
Potions
 b - a potion of magic
 f - a potion of lignification {unknown}
 g - a potion of might {unknown}
 k - a potion of curing {unknown}


   Skills:
 * Level 1.9 Fighting
 - Level 2.4 Dodging
 + Level 3.4 Stealth
 + Level 3.7 Spellcasting
 - Level 1.1 Conjurations
 + Level 3.8 Fire Magic


You had 9 spell levels left.
You knew the following spells:

 Your Spells              Type           Power      Damage    Failure   Level
a - Foxfire               Conj/Fire      52%        2x1d6     4%          1

Your spell library contained the following spells:

 Spells                   Type           Power      Damage    Failure   Level
 Scorch                   Fire           38%        2d7       4%          2
 Conjure Flame            Conj/Fire      13%        6-21      14%         3
 Inner Flame              Hex/Fire       11%        N/A       19%         3
 Flame Wave               Conj/Fire      13%        2d6       43%         4


Dungeon Overview and Level Annotations

Branches:
Dungeon (3/15)

Altars:
The Shining One

Shops:
D:2 =


Message History

There is a stone staircase leading up here.
You conjure some foxfire!
The gnoll hits you with a +0 club.
The foxfire hits the gnoll.
The gnoll is moderately wounded.
You conjure some foxfire!
The foxfire hits the frilled lizard.
You kill the frilled lizard!
The gnoll hits you with a +0 club!
You conjure some foxfire!
The foxfire hits the gnoll.
The gnoll is severely wounded.
The foxfire hits the gnoll.
You kill the gnoll!
The gnoll barely misses you. You block the gnoll's attack.
You conjure some foxfire!
The foxfire hits the gnoll.
The gnoll is moderately wounded.
The foxfire hits the gnoll.
The gnoll is moderately wounded.
The gnoll completely misses you.
The gnoll hits you from afar with a +0 spear.
You are too injured to fight recklessly!
You are too injured to fight recklessly!
You are too injured to fight recklessly!
Unknown command.
You are too injured to fight recklessly!
Casting: Foxfire (safe; 4% risk of failure)
Confirm with . or Enter, or press ? or * to list all spells.
You conjure some foxfire!
The foxfire hits the gnoll.
The gnoll is severely wounded.
The foxfire hits the gnoll but does no damage.
The gnoll is severely wounded.
The gnoll hits you with a +0 club. You block the gnoll's attack.
Casting: Foxfire (safe; 4% risk of failure)
Confirm with . or Enter, or press ? or * to list all spells.
You conjure some foxfire!
The foxfire hits the gnoll.
The gnoll is severely wounded.
The foxfire hits the gnoll.
The gnoll is almost dead.
The gnoll hits you with a +0 club.
* * * LOW HITPOINT WARNING * * *
The gnoll hits you from afar with a +0 spear!
You die...

... ...... . #.#
...... .. #.#
.....#. ...
##.####.......
...##.............
#...?......#.....
#.............
#####..v§.......##
#....÷g@§†........
#.....v.....÷.....
#...#....g...)....
#...#.......$#..#.
### #.............
#...##....## ..
..######### . #.#


You could see 2 gnolls.

Vanquished Creatures
  2 gnolls (D:3)
  An adder (D:3)
  2 dart slugs (D:1)
  An orc (D:2)
  4 endoplasms
  2 giant cockroaches
  3 goblins
  A hobgoblin (D:1)
  7 jackals (D:1)
  6 kobolds
  3 quokkas
  4 ball pythons
  A bat (D:2)
  4 frilled lizards
  5 rats
46 creatures vanquished.

Vanquished Creatures (collateral kills)
  9 foxfires (D:1)
9 creatures vanquished.

Vanquished Creatures (others)
  202 foxfires
202 creatures vanquished.

Grand Total: 257 creatures vanquished

Notes
Turn   | Place    | Note
-------+----------+-------------------------------------------
     0 | D:1      | Hubjo the Deep Elf Fire Elementalist began the quest for
                  | the Orb.
     0 | D:1      | Reached XP level 1. HP: 10/10 MP: 6/6
   353 | D:1      | Reached XP level 2. HP: 16/16 MP: 0/8
   842 | D:1      | Reached skill level 1 in Fighting
  1448 | D:1      | Reached XP level 3. HP: 20/20 MP: 0/9
  1802 | D:1      | Found a faded altar of an unknown god.
  2006 | D:1      | Prayed at the altar of an unknown god.
  2006 | D:1      | Became a worshipper of the Shining One
  2006 | D:1      | Reached * piety under the Shining One
  2127 | D:2      | Found a glowing golden altar of the Shining One.
  2384 | D:2      | Found Quom Non's Jewellery Emporium.
  3136 | D:3      | Reached XP level 4. HP: 26/26 MP: 6/11
  3479 | D:3      | Slain by a gnoll

Illustrated notes

Levels and vault maps discovered:
D:1:      roderic_crop_circles_arrival_small, layout_basic,
          basic_ecumenical_altar, hangedman_decor_points
D:2:      layout_basic, basic_altar, serial_shops, shop
D:3:      layout_rooms

Skill      XL: |  1  2  3 |
---------------+----------+-----
Fighting       | 1 |  1.9
Stealth        | 3 |  3.4
Dodging        | |  2.4
Spellcasting   | |  3.7
Conjurations   | |  1.1
Fire Magic     | |  3.8

Action                   |  1- 3 |  4- 6 || total
-------------------------+-------+-------++-------
Melee: Unarmed           |    18 |       ||    18
       Short sword       |    21 |       ||    21
       Dagger            |     7 |       ||     7
 Cast: Foxfire           |   133 |    12 ||   145
  Use: Scroll            |     3 |     1 ||     4
 Stab: Sleeping          |     1 |       ||     1
Armor: Robe              |     2 |       ||     2
Dodge: Dodged            |    32 |     4 ||    36
Block: Other             |     1 |     3 ||     4

Table legend: (Time is in decaauts)
 A = Elapsed time spent in this place.
 B = Non-inter-level travel time spent in this place.
 C = Inter-level travel time spent in this place.
 D = Time resting spent in this place.
 E = Time spent auto-exploring this place.
 F = Levels seen in this place.
 G = Mean time per level.
                   A        B        C        D        E       F      G
               +--------+--------+--------+--------+--------+-----+--------+
         Total |   3479 |   3469 |     10 |    327 |   2574 |   3 | 1159.7 |
       Dungeon |   3479 |   3469 |     10 |    327 |   2574 |   3 | 1159.7 |
               +--------+--------+--------+--------+--------+-----+--------+

Top non-repeatable levels by time:
     D:1: 2082 daAuts
     D:2: 1370 daAuts
     D:3: 25 daAuts
